 Dungeon Crawl Stone Soup version 0.30-a0-782-ge64f9170bb (webtiles) character file.

Game seed: 12528673793591788397

56091 Grim the Warrior (level 14, 0/141 HPs)
             Began as a Minotaur Berserker on Feb 28, 2023.
             Was a High Priest of Trog.
             Killed from afar by a hell hound (20 damage)
             ... with a blast of flame
             ... led by Azrael
             ... on level 13 of the Dungeon.
             The game lasted 00:42:26 (24319 turns).

Grim the Warrior (Minotaur Berserker)              Turns: 24319, Time: 00:42:27

Health: 0/141      AC: 19    Str: 22    XL:     14   Next: 40%
Magic:  13/13      EV: 12    Int:  8    God:    Trog [*****.]
Gold:   3472       SH:  7    Dex: 17    Spells: 13/13 levels left

rFire   . . .      SeeInvis .    S - +4 spear
rCold   . . .      Faith    +    I - +0 buckler
rNeg    . . .      Spirit   .    N - +0 plate armour
rPois   .          Reflect  .    (helmet restricted)
rElec   .          Harm     .    i - +0 cloak
rCorr   .          Rampage  .    (no gloves)
Will    +....                    H - +0 pair of boots Stlth
                                 o - amulet of faith
HPRegen 0.43/turn                t - +4 ring of slaying
MPRegen 0.13/turn                O - +6 ring of dexterity

@: no status effects
A: horns 2, retaliatory headbutt
a: Renounce Religion, Berserk, Trog's Hand, Brothers in Arms


You were on level 13 of the Dungeon.
You worshipped Trog.
Trog was extremely pleased with you.
You visited 2 branches of the dungeon, and saw 18 of its levels.
You also visited: Bailey.

You collected 3727 gold pieces.
You spent 255 gold pieces at shops.

Inventory:

Hand Weapons
 S - a +4 spear (weapon)
Missiles
 h - 21 boomerangs (quivered)
 M - 4 throwing nets
Armour
 i - a +0 cloak (worn)
 H - a +0 pair of boots (worn)
 I - a +0 buckler (worn)
 N - a +0 plate armour (worn)
Jewellery
 b - a ring of positive energy
 e - a ring of ice
 n - a ring of ice
 o - an amulet of faith (around neck)
 t - a +4 ring of slaying (left hand)
 G - a +6 ring of dexterity
 O - a +6 ring of dexterity (right hand)
 P - a ring of ice
 R - a ring of poison resistance
 W - a ring of see invisible
 X - an amulet of the acrobat
Wands
 p - a wand of polymorph (6)
 u - a wand of acid (16)
 B - a wand of flame (29)
 E - a wand of charming (14)
 L - a wand of mindburst (6)
 Y - a wand of digging (5)
Scrolls
 c - 8 scrolls of teleportation
 d - a scroll of torment
 l - 5 scrolls of noise
 m - a scroll of fear
 q - 3 scrolls of summoning
 s - 5 scrolls of fog
 y - 2 scrolls of amnesia
 C - 2 scrolls of silence
 F - 4 scrolls of enchant weapon
 J - a scroll of immolation
 Q - a scroll of poison
 U - 2 scrolls of enchant armour
 V - 3 scrolls of vulnerability
 Z - 2 scrolls of magic mapping
Potions
 a - a potion of haste
 f - 5 potions of might
 g - 4 potions of resistance
 j - 3 potions of heal wounds
 k - 3 potions of curing
 r - a potion of mutation {unknown}
 v - 2 potions of invisibility
 w - 2 potions of flight
 x - a potion of magic
 z - 4 potions of lignification
 A - 3 potions of brilliance
 D - 2 potions of attraction
 K - 2 potions of cancellation


   Skills:
 * Level 17.9 Fighting
 - Level 12.3 Polearms
 - Level 13.2 Armour
 - Level 12.6 Dodging
 + Level 11.9 Shields


You had 13 spell levels left.
You didn't know any spells.
Your spell library contained the following spells:

 Spells                   Type           Power      Damage    Failure   Level
 Iskenderun's Battlesphe  Conj           0%         2d6       100%        5
 Iron Shot                Conj/Erth      0%         9d1       100%        6
 Spellforged Servitor     Conj/Summ      0%         N/A       100%        7


Dungeon Overview and Level Annotations

Branches:
Dungeon (13/15)            Temple (0/1) D:7            Lair (5/5) D:8
  Swamp (0/4) Lair:2       Spider (0/4) Lair:3        Slime (0/5) Lair:5
    Orc (0/2) D:9          Bailey (visited)
 Vaults: D:13-14

Altars:
Ashenzari
Elyvilon
Fedhas
Hepliaklqana
Kikubaaqudgha
Makhleb
Nemelex Xobeh
Qazlal
Ru
Sif Muna
Uskayaw
Vehumet
Xom
Yredelemnul
Zin
Jiyva

Shops:
D:10 *   D:12 =

Annotations:
D:3 3 runed translucent doors, Pascal76's ghost, amateur MfBe
D:9 3 runed translucent doors, exclusion: orange crystal statue
D:10 2 runed translucent doors, P0WERM0DE's ghost, journeyman OpCj
D:12 1 runed translucent door, Fannar
D:13 Azrael
Lair:5 1 runed translucent door


Innate Abilities, Weirdness & Mutations

You have a pair of horns on your head.
You reflexively headbutt those who attack you in melee.


Message History

Trog accepts your kill.
You puncture the hell hound! You headbutt the hell hound.
The hell hound is severely wounded.
You block the hell hound's attack.
You barely miss the hell hound.
The hell hound is severely wounded.
You block the hell hound's attack.
You puncture the hell hound!
You kill the hell hound!
Trog accepts your kill.
You hit the hell hound.
The hell hound is moderately wounded.
You block the hell hound's attack.
Azrael screams, "Burn!
Burn!
All of it must BURN!"
Azrael gestures at you.
The bolt of fire hits the hell hound.
The hell hound completely resists.
The bolt of fire hits the hell hound.
The hell hound completely resists.
The bolt of fire hits you!!!
* * * LOW HITPOINT WARNING * * *
You barely miss the hell hound. Your headbutt misses the hell hound.
The hell hound is moderately wounded.
You block the hell hound's attack.
The hell hound attacks as you move away!
The hell hound closely misses you. x2
There is an open door here.
The hell hound bites you but does no damage.
There's a creature in the doorway!
The hell hound attacks as you move away!
The hell hound bites you.
* * * LOW HITPOINT WARNING * * *
The hell hound misses you. You furiously retaliate!
You headbutt the hell hound!! The hell hound breathes flames at you.
The blast of flame hits you!
* * * LOW HITPOINT WARNING * * *
The hell hound breathes flames at you.
The blast of flame hits the hell hound.
The hell hound completely resists.
The blast of flame hits the fire elemental.
The fire elemental completely resists.
The blast of flame hits you!!
You die...

.##.....'...##...........#
###.....###..'............
#.....# ####..........#
#.....# #..........#
###+### ##'######### #..#
##.# ####'########
#...@.).....# #....
#...E.......# +(...
+..○h.......# ....
#..☼h.......+ ...
#...°.......# ..
####○######## h #.R# #
##○# # #°# #


You could see Azrael, a fire elemental and 2 hell hounds.

Vanquished Creatures
  Snorg (D:12)
  Harold (Lair:1)
  3 hydras
  3 centaur warriors
  4 two-headed ogres
  A catoblepas (Lair:5)
  6 death yaks
  Nergalle (Lair:1)
  A skyshark (Lair:3)
  A lindwurm (Lair:5)
  A deep elf zephyrmancer (D:7)
  2 manticores
  An ugly thing (D:12)
  3 cyclopes
  8 elephants
  Joseph (Lair:1)
  4 black mambas
  11 cane toads
  2 torpor snails
  4 rime drakes
  A kobold demonologist (D:10)
  6 komodo dragons
  An unseen horror (D:11)
  6 trolls
  A meliai (Lair:3)
  A tyrant leech (D:12)
  13 blink frogs
  A hornet (D:9)
  6 dream sheep
  10 slime creatures (D:12)
  A vampire (D:12)
  A shadow (D:11)
  3 wraiths
  25 yaks
  Eustachio (D:4)
  7 wyverns
  A basilisk (Lair:1)
  Grum (Bailey)
  15 vampire mosquitoes
  2 acid dragons
  11 water moccasins
  2 hell hounds (D:13)
  2 sky beasts (D:7)
  4 black bears
  2 orc warriors
  6 centaurs
  4 ogres
  40 wolves
  6 kobold brigands
  12 bullfrogs
  8 gnoll sergeants
  2 necrophages
  A scorpion (D:7)
  7 wights (D:9)
  22 killer bees
  2 electric eels
  2 howler monkeys
  A vampire bat (Lair:5)
  3 jellies
  7 gnoll boudas
  5 hounds
  6 orc priests
  4 iguanas
  Terence (D:2)
  21 orc wizards
  A hell rat (D:8)
  23 gnolls
  8 adders
  A river rat (D:8)
  3 shadow imps
  3 white imps
  An ufetubus (D:4)
  2 worms (D:3)
  3 dart slugs
  42 orcs
  7 ball pythons
  12 bats
  8 endoplasms
  6 giant cockroaches
  9 goblins
  7 hobgoblins
  8 jackals
  7 quokkas
  A frilled lizard (D:1)
  29 kobolds
  6 rats
530 creatures vanquished.

Vanquished Creatures (collateral kills)
  Rupert (Lair:4)
  Frances (D:13)
  A black mamba (Lair:5)
  A polar bear (Lair:4)
  A dream sheep (Lair:5)
  A gnoll bouda (Bailey)
  3 gnolls (Bailey)
9 creatures vanquished.

Vanquished Creatures (others)
  An orc wizard (D:5)
  17 fungi
  25 plants
43 creatures vanquished.

Grand Total: 582 creatures vanquished

Notes
Turn   | Place    | Note
-------+----------+-------------------------------------------
     0 | D:1      | Grim the Minotaur Berserker began the quest for the Orb.
     0 | D:1      | Reached XP level 1. HP: 19/19 MP: 0/0
   218 | D:1      | Reached XP level 2. HP: 26/26 MP: 1/1
   449 | D:1      | Reached skill level 5 in Polearms
   487 | D:1      | Reached ** piety under Trog
   496 | D:1      | Reached XP level 3. HP: 28/31 MP: 2/2
   976 | D:2      | Found a sparkling altar of Nemelex Xobeh.
  1127 | D:2      | Found a faded altar of an unknown god.
  1176 | D:2      | Noticed Terence
  1192 | D:2      | Killed Terence
  1193 | D:2      | Reached XP level 4. HP: 39/39 MP: 3/3
  1529 | D:3      | Reached XP level 5. HP: 36/45 MP: 4/4
  1638 | D:3      | Noticed a black bear
  1650 | D:3      | Killed a black bear
  1814 | D:3      | Found a runed translucent gate.
  1814 | D:3      | Noticed Pascal76's ghost (amateur MfBe)
  1815 | D:3      | Found a runed translucent gate.
  1816 | D:3      | Found a runed translucent gate.
  1955 | D:3      | Reached *** piety under Trog
  2008 | D:3      | Found a hide-covered altar of Uskayaw.
  2062 | D:3      | Found a burning altar of Makhleb.
  2111 | D:3      | Reached XP level 6. HP: 48/51 MP: 5/5
  2234 | D:4      | Found a shimmering blue altar of Sif Muna.
  2577 | D:4      | Noticed Eustachio
  2598 | D:4      | Killed Eustachio
  2787 | D:5      | Entered Level 5 of the Dungeon
  2843 | D:5      | Reached XP level 7. HP: 37/57 MP: 6/6
  3055 | D:5      | Reached skill level 10 in Polearms
  3346 | D:5      | Reached XP level 8. HP: 64/64 MP: 7/7
  3775 | D:5      | Found a hazy altar of Hepliaklqana.
  3902 | D:6      | Reached skill level 4 in Fighting
  4051 | D:6      | Reached skill level 5 in Fighting
  4111 | D:6      | Reached skill level 6 in Fighting
  4263 | D:6      | Found a stormy altar of Qazlal.
  4437 | D:6      | Found a basalt altar of Yredelemnul.
  4438 | D:6      | Found a broken altar of Ashenzari.
  4438 | D:6      | Found a radiant altar of Vehumet.
  4439 | D:6      | Found a sacrificial altar of Ru.
  4847 | D:7      | Reached **** piety under Trog
  4867 | D:7      | Reached skill level 7 in Fighting
  5056 | D:7      | Reached skill level 8 in Fighting
  5271 | D:6      | Reached XP level 9. HP: 53/82 MP: 8/8
  5566 | D:7      | Found a white marble altar of Elyvilon.
  5574 | D:7      | Reached skill level 9 in Fighting
  5648 | D:7      | Found a staircase to the Ecumenical Temple.
  5830 | D:7      | Found an ancient bone altar of Kikubaaqudgha.
  6029 | D:7      | Found a stormy altar of Qazlal.
  6199 | D:7      | Reached skill level 10 in Fighting
  6555 | D:7      | Noticed a deep elf zephyrmancer
  6565 | D:7      | Killed a deep elf zephyrmancer
  6566 | D:7      | Reached skill level 11 in Fighting
  6930 | D:8      | Found a flagged portal.
  6952 | Bailey   | Entered a bailey
  7581 | Bailey   | Reached skill level 12 in Fighting
  7600 | Bailey   | Reached skill level 5 in Dodging
  7600 | Bailey   | Reached XP level 10. HP: 33/97 MP: 9/9
  7865 | Bailey   | Noticed Grum
  7872 | Bailey   | Killed Grum
  8228 | D:8      | Noticed a death yak
  8238 | D:8      | Killed a death yak
  8248 | D:8      | Noticed a death yak
  8249 | D:8      | Noticed a death yak
  8417 | D:7      | Killed a death yak
  8613 | D:8      | Killed a death yak
  8715 | D:8      | Reached skill level 5 in Armour
  9039 | D:8      | Found a staircase to the Lair.
 10119 | D:9      | Found a runed translucent door.
 10153 | D:9      | Found a runed translucent door.
 10170 | D:9      | Found a runed translucent door.
 10185 | D:9      | Reached XP level 11. HP: 59/104 MP: 10/10
 10429 | D:9      | Reached ***** piety under Trog
 10469 | D:9      | Found a runed translucent door.
 10476 | D:9      | Noticed a two-headed ogre
 10484 | D:9      | Killed a two-headed ogre
 10485 | D:9      | Reached skill level 10 in Dodging
 10783 | D:9      | Found a staircase to the Orcish Mines.
 10940 | D:9      | Found a shimmering altar of Xom.
 11041 | D:9      | Noticed an orange crystal statue
 11129 | D:9      | Identified a scroll of acquirement
 11130 | D:9      | Acquired 1133 gold pieces
 11712 | D:10     | Entered Level 10 of the Dungeon
 11996 | D:10     | Found Lydefu Ussa's Assorted Antiques.
 12164 | D:10     | Noticed a two-headed ogre
 12172 | D:10     | Killed a two-headed ogre
 12197 | D:10     | Found a sparkling altar of Nemelex Xobeh.
 12325 | D:10     | Found a runed translucent door.
 12397 | D:10     | Noticed P0WERM0DE's ghost (journeyman OpCj)
 12400 | D:10     | Noticed a lich
 12400 | D:10     | Noticed a necromancer
 12401 | D:10     | Noticed a centaur warrior
 12499 | D:10     | Found a runed translucent door.
 12508 | D:10     | Noticed a skeletal warrior
 12512 | D:10     | Noticed a frost giant
 12578 | D:10     | Found a blossoming altar of Fedhas.
 12578 | D:10     | Found a glowing silver altar of Zin.
 13256 | D:11     | Identified the +2 robe of the First Snow {Str+2 Dex+3}
 13318 | D:11     | Reached skill level 1 in Shields
 13415 | D:11     | Noticed a two-headed ogre
 13425 | D:11     | Killed a two-headed ogre
 13797 | D:12     | Noticed a purple ugly thing
 13816 | D:12     | Killed a purple ugly thing
 13817 | D:12     | Reached XP level 12. HP: 112/112 MP: 11/11
 13836 | D:12     | Reached skill level 10 in Armour
 13875 | D:12     | Noticed Snorg
 13889 | D:12     | Killed Snorg
 14365 | D:12     | Received a gift from Trog
 14728 | D:12     | Noticed a centaur warrior
 14731 | D:12     | Found the +8 Vampire's Tooth {megavamp}
 14800 | D:12     | Killed a centaur warrior
 15122 | D:12     | Reached skill level 5 in Shields
 15196 | D:12     | Found Fusoffirph's Jewellery Shoppe.
 15211 | D:12     | Bought a ring of see invisible for 255 gold pieces
 15335 | D:12     | Noticed a two-headed ogre
 15354 | D:12     | Killed a two-headed ogre
 15591 | D:12     | Found a runed translucent door.
 15787 | D:12     | Noticed Fannar
 15887 | Lair:1   | Entered Level 1 of the Lair of Beasts
 16286 | Lair:1   | Noticed Joseph
 16301 | Lair:1   | Killed Joseph
 16490 | Lair:1   | Noticed Harold
 16511 | Lair:1   | Killed Harold
 16837 | Lair:1   | Noticed Nergalle
 16846 | Lair:1   | Killed Nergalle
 17685 | Lair:2   | Reached skill level 13 in Fighting
 17685 | Lair:2   | Reached XP level 13. HP: 71/122 MP: 12/12
 17968 | Lair:2   | Found a staircase to the Swamp.
 18916 | Lair:3   | Reached skill level 14 in Fighting
 19055 | Lair:3   | Received a gift from Trog
 19358 | Lair:3   | Reached skill level 15 in Fighting
 19768 | Lair:3   | Found a hole to the Spider Nest.
 20285 | Lair:4   | Reached skill level 10 in Shields
 20405 | Lair:4   | You fall into a shaft and drop 1 floor!
 20405 | Lair:5   | Entered Level 5 of the Lair of Beasts
 20455 | Lair:5   | Reached skill level 16 in Fighting
 20751 | Lair:4   | Noticed Rupert
 20760 | Lair:4   | Killed Rupert
 21225 | Lair:5   | Found a runed translucent door.
 21225 | Lair:5   | Found a viscous altar of Jiyva.
 21226 | Lair:5   | Found a staircase to the Slime Pits.
 21592 | Lair:5   | Reached XP level 14. HP: 113/138 MP: 13/13
 22267 | Lair:5   | Reached skill level 17 in Fighting
 23124 | Lair:5   | HP: 2/140 [death yak (11)]
 24165 | D:13     | Noticed Frances
 24180 | D:13     | Killed Frances
 24273 | D:13     | Noticed Azrael
 24319 | D:13     | Killed from afar by a hell hound

Illustrated notes

Levels and vault maps discovered:
D:1:      reono_arrival_forest_river, layout_loops_cross, serial_bayou,
          serial_bayou_pond_a, serial_bayou_pond_b, serial_bayou_pond_b,
          serial_bayou_shore_a
D:2:      layout_rooms, shapermc_ecumenical_altar_venn, basic_altar,
          uniq_terence
D:3:      layout_basic, lightli_temple_of_fire, nicolae_uskayaw_suspiria,
          biasface_ghost_orc_armoury
D:4:      layout_basic, amcnicky_altar_gilded, uniq_eustachio
D:5:      layout_gridville, nzn_hepliaklqana_mist_gate,
          minmay_a_box_with_orc_wizards_in_it
D:6:      layout_gridville, grunt_qazlal_clouds,
          chequers_temple_overflow_statue_of_worship, minmay_misc_feat_tower,
          minivault_1
D:7:      layout_loops_corners, mainiacjoe_overflow_concentric_impassable,
          nicolae_kikubaaqudgha_miasma_corner, minmay_temple_entry_butterflies,
          kennysheep_diamond, guppyfry_early_elven_hall
D:8:      layout_layer_cave, dpeg_lair_monsters, enter_bailey_4
D:9:      layout_rooms, xom_butterflies, david_orc_3,
          minmay_statue_crystal_thing
D:10:     layout_roguey, mainiacjoe_overflow_tiny_flanked,
          gammafunk_temple_overflow_pools, serial_shops, kennysheep_little_box,
          muffindrake_ghost_dual_entry, hangedman_corner_corridor
D:11:     layout_basic, nicolae_water_bricks, uniq_grum
D:12:     cheibrodos_body_horror, layout_small_grid, serial_shops,
          nicolae_square_shop, minmay_guarded_unrand_vampires_tooth,
          uniq_fannar, uniq_snorg
D:13:     layout_roguey, uniq_sonja, uniq_lodul, uniq_frances, uniq_azrael
Lair:1:   layout_loops_ring, uniq_harold, uniq_joseph, uniq_nergalle
Lair:2:   layout_cave_shapes, minmay_swamp_entry_swarm, grunt_megastairs_3
Lair:3:   layout_chaotic_city, hellmonk_spider_entry_not_the_bees,
          grunt_forest_large_clearings, infiniplex_staircase_pool,
          serial_bayou_shore_b, lemuel_fruit_tree
Lair:4:   layout_gridlike, uniq_rupert
Lair:5:   hangedman_lair_in_review, layout_cellular_growth, slime_entry_2,
          st_stairs_5, roderic_batcave

Skill      XL: |  1  2  3  4  5  6  7  8  9 10 11 12 13 14 |
---------------+-------------------------------------------+-----
Polearms       | 4 5 6 7 8 9 11 12 | 12.3
Fighting       | 8 12 13 16 17 | 17.9
Dodging        | 5 9 12 | 12.6
Armour         | 6 9 13 | 13.2
Shields        | 2 7 10 11 | 11.9

Action                     |  1- 3 |  4- 6 |  7- 9 | 10-12 | 13-15 || total
---------------------------+-------+-------+-------+-------+-------++-------
  Melee: Spear             |   100 |   143 |   431 |  1011 |   680 ||  2365
         Headbutt          |     7 |    17 |    59 |   227 |   209 ||   519
         Punch             |       |       |     2 |       |       ||     2
  Throw: Boomerang         |       |       |       |     1 |       ||     1
 Invoke: Berserk           |     1 |     5 |     6 |    11 |     3 ||    26
         Trog's Hand       |       |     3 |     6 |    10 |     5 ||    24
         Brothers in Arms  |       |       |     2 |     1 |     4 ||     7
    Use: Potion            |       |       |     2 |     2 |     1 ||     5
         Scroll            |       |       |       |    22 |    23 ||    45
   Stab: Sleeping          |     2 |       |       |       |       ||     2
 Armour: Animal skin       |     9 |       |       |       |       ||     9
         Chain mail        |    15 |       |       |       |       ||    15
         Ring mail         |       |    35 |   106 |   103 |       ||   244
         Plate armour      |       |       |       |    84 |   290 ||   374
  Dodge: Dodged            |    41 |    53 |   129 |   389 |   291 ||   903
  Block: Buckler           |       |       |    29 |   122 |   184 ||   335

Table legend: (Time is in decaauts)
 A = Elapsed time spent in this place.
 B = Non-inter-level travel time spent in this place.
 C = Inter-level travel time spent in this place.
 D = Time resting spent in this place.
 E = Time spent auto-exploring this place.
 F = Levels seen in this place.
 G = Mean time per level.
                   A        B        C        D        E       F      G
               +--------+--------+--------+--------+--------+-----+--------+
         Total |  23633 |  22655 |    978 |   7079 |  12320 |  19 | 1243.8 |
       Dungeon |  15136 |  14386 |    750 |   4141 |   8175 |  13 | 1164.3 |
          Lair |   7273 |   7045 |    228 |   2321 |   3801 |   5 | 1454.6 |
        Bailey |   1224 |   1224 |      0 |    616 |    343 |   1 | 1224.0 |
               +--------+--------+--------+--------+--------+-----+--------+

Top non-repeatable levels by time:
  Lair:5: 2168 daAuts
     D:8: 2138 daAuts
     D:7: 1947 daAuts
    D:12: 1835 daAuts
  Lair:4: 1470 daAuts
     D:6: 1385 daAuts
  Lair:1: 1367 daAuts
    D:11: 1290 daAuts
  Bailey: 1224 daAuts
  Lair:3: 1191 daAuts
     D:9: 1161 daAuts
    D:10: 1137 daAuts
  Lair:2: 1074 daAuts
     D:5: 1072 daAuts
     D:1: 997 daAuts
